 Dungeon Crawl Stone Soup version 0.29.1-1-gd02db6906a (webtiles) character file.

Game seed: 11415641300701169466

7552 Lutefisk the Covert (level 11, -4/62 HPs)
             Began as a Vine Stalker Brigand on Oct 11, 2022.
             Was a Priest of Nemelex Xobeh.
             Slain by an eight-headed hydra (6 damage)
             ... on level 1 of the Lair of Beasts.
             The game lasted 00:40:35 (5364 turns).

Lutefisk the Covert (Vine Stalker Brigand)          Turns: 5364, Time: 00:40:36

Health: -4/62      AC: 11    Str: 21    XL:     11   Next: 17%
Magic:  0/33       EV: 15    Int: 11    God:    Nemelex Xobeh [***...]
Gold:   407        SH:  0    Dex: 19    Spells: 10/10 levels left

rFire   . . .      SeeInvis .   K - +2 dagger (venom)
rCold   . . .      Faith    .   (no shield)
rNeg    . . .      Spirit   +   v - +2 leather armour {rPois}
rPois   +          Reflect  .   s - +0 helmet
rElec   .          Harm     .   c - +0 cloak
rCorr   .          Rampage  .   N - +1 pair of gloves
Will    +....                   u - +0 pair of boots
Stlth   +++++.....              M - amulet of regeneration
HPRegen 1.80/turn               R - ring "Lujyskoph" {MP+9 Str+6}
MPRegen 0.23/turn               a - ring of magical power

@: no status effects
A: fangs 3, regeneration 1, magic shield, antimagic bite, no potion heal 2
a: Renounce Religion, Draw Escape, Draw Destruction, Draw Summoning, Triple Draw


You were on level 1 of the Lair of Beasts.
You worshipped Nemelex Xobeh.
Nemelex Xobeh was most pleased with you.
You visited 2 branches of the dungeon, and saw 11 of its levels.
You also visited: Sewer.

You collected 407 gold pieces.

Inventory:

Hand Weapons
 D - a +4 scimitar
 K - a +2 dagger of venom (weapon)
Missiles
 d - 45 poisoned darts
 e - 3 curare-tipped darts (quivered)
 k - 3 boomerangs
Armour
 c - a +0 cloak (worn)
 s - a +0 helmet (worn)
 u - a +0 pair of boots (worn)
 v - a +2 leather armour of poison resistance (worn)
 I - a +2 chain mail of fire resistance
 N - a +1 pair of gloves (worn)
Jewellery
 a - a ring of magical power (right hand)
 b - an amulet of the acrobat
 h - an amulet of magic regeneration
 o - a ring of protection from fire
 A - a ring of resist corrosion
 G - a ring of positive energy
 M - an amulet of regeneration (around neck)
 R - the ring "Lujyskoph" (left hand) {MP+9 Str+6}
   (You found it on level 1 of the Lair of Beasts)

   [ring of strength]

   Str:       It affects your strength (+6).
   MP:        It affects your magic capacity (+9).
Wands
 l - a wand of iceblast (20)
 J - a wand of paralysis (6)
Scrolls
 f - 2 scrolls of blinking
 g - 2 scrolls of enchant weapon
 i - a scroll of torment
 j - 7 scrolls of teleportation
 n - 3 scrolls of immolation
 p - 2 scrolls of summoning {unknown}
 t - 3 scrolls of silence
 w - a scroll of poison {unknown}
 x - 2 scrolls of magic mapping
 y - a scroll of butterflies {unknown}
 H - a scroll of amnesia {unknown}
 P - 2 scrolls of noise {unknown}
 S - 2 scrolls of vulnerability {unknown}
Potions
 m - a potion of magic {unknown}
 q - a potion of resistance {unknown}
 r - 2 potions of haste
 z - a potion of curing {unknown}
 B - a potion of flight {unknown}
 C - a potion of invisibility {unknown}
 F - 2 potions of brilliance
 L - 2 potions of attraction {unknown}
 O - 2 potions of degeneration {unknown}
 Q - a potion of lignification {unknown}


   Skills:
 - Level 9.0 Fighting
 - Level 1.7 Short Blades
 - Level 2.0 Throwing
 - Level 4.0 Armour
 * Level 5.9 Dodging
 - Level 13.0 Stealth
 * Level 5.0 Invocations
 - Level 2.0 Evocations


You had 10 spell levels left.
You didn't know any spells.
Your spell library contained the following spells:

 Spells                   Type           Power      Damage    Failure   Level
 Freeze                   Ice            0%         1d3       38%         1
 Poisonous Vapours        Pois/Air       0%         N/A       52%         2
 Sublimation of Blood     Necr           0%         N/A       52%         2
 Wereblood                Tmut           0%         N/A       52%         2
 Frozen Ramparts          Ice            0%         1d1       77%         3
 Ignite Poison            Fire/Tmut/Pois 0%         N/A       77%         3
 Mephitic Cloud           Conj/Pois/Air  0%         N/A       77%         3
 Ozocubu's Armour         Ice            0%         N/A       77%         3
 Corpse Rot               Necr/Pois/Air  0%         N/A       99%         4
 Hailstorm                Conj/Ice       0%         3d3       99%         4
 Freezing Cloud           Conj/Ice/Air   0%         6-21      100%        5
 Metabolic Englaciation   Hex/Ice        0%         N/A       100%        5
 Summon Forest            Summ/Tloc      0%         N/A       100%        5
 Eringya's Noxious Bog    Tmut/Pois      0%         N/A       100%        6
 Simulacrum               Ice/Necr       0%         N/A       100%        6
 Summon Hydra             Summ           0%         N/A       100%        7


Dungeon Overview and Level Annotations

Branches:
Dungeon (9/15)             Temple (0/1) D:7            Lair (2/5) D:9
  Swamp (0/4) Lair:2       Spider (0/4) Lair:2        Sewer (visited)
    Orc: D:9-12

Altars:
Cheibriados
Hepliaklqana
Kikubaaqudgha
Makhleb
Nemelex Xobeh
Sif Muna

Shops:
D:6 (   D:7 =   D:8 [

Annotations:
D:2 Sigmund


Innate Abilities, Weirdness & Mutations

You have razor-sharp teeth.
Your natural rate of healing is unusually fast.
When hurt, damage is shared between your health and your magic reserves.
Your bite disrupts and absorbs the magic of your enemies.
Potions cannot restore your health.


Message History

The eight-headed hydra barely misses you.
The eight-headed hydra closely misses you.
The eight-headed hydra bites you but does no damage.
The eight-headed hydra completely misses you.
The eight-headed hydra closely misses you.
Your -2 hand axe of venom barely misses the eight-headed hydra.
The eight-headed hydra attacks as you move away!
The eight-headed hydra closely misses you.
The eight-headed hydra misses you. The eight-headed hydra bites you!
The eight-headed hydra barely misses you.
The eight-headed hydra bites you! The eight-headed hydra bites you.
The eight-headed hydra closely misses you.
The eight-headed hydra bites you.
You draw a card...
You have drawn the Illusion.
Suddenly you stand beside yourself.
The eight-headed hydra bites you but does no damage. x2
The eight-headed hydra misses you. The eight-headed hydra bites you!
The eight-headed hydra closely misses you.
The eight-headed hydra bites you. x2
The eight-headed hydra closely misses you.
You swap places.
The eight-headed hydra bites you but does no damage.
The eight-headed hydra bites you. The eight-headed hydra bites you!
The eight-headed hydra barely misses you.
The eight-headed hydra bites you. The eight-headed hydra bites you!
The eight-headed hydra bites you but does no damage. x2
Unknown command.
The eight-headed hydra attacks as you move away!
The eight-headed hydra bites you!
* * * LOW HITPOINT WARNING * * *
The eight-headed hydra bites you!
* * * LOW HITPOINT WARNING * * *
The eight-headed hydra bites you.
* * * LOW HITPOINT WARNING * * *
The eight-headed hydra completely misses you.
The eight-headed hydra bites you!
* * * LOW HITPOINT WARNING * * *
The eight-headed hydra bites you!
You die...
Your body glows with a rainbow of weird colours and disappears.

#### ### #P####.P##
##.#####
.........###
#......###
...........#
##......... ###
#.@.# ###..........
#P.
#D@.###............
#.#+
#(.................
#.#$
#.######..........>
#.## #.#
###......... P..
#.# ###.......
#$###'###†#
##......
#......§..# #......
#.##.###§#.#
#......


You could see an eight-headed hydra, a friendly -2 hand axe of venom (summoned)
and the friendly Lutefisk's illusion (summoned).

Vanquished Creatures
  2 bog bodies (Lair:2)
  A komodo dragon (Lair:1)
  2 hornets
  6 yaks
  4 humans (D:9)
  2 wyverns
  A steam dragon (D:9)
  Edmund (D:6)
  2 water moccasins
  A sky beast (D:7)
  3 black bears
  An orc warrior (D:7)
  An ogre (D:5)
  2 centaurs
  A phantom (D:6)
  9 kobold brigands
  6 bullfrogs
  9 scorpions (D:5)
  2 necrophages
  5 wights
  6 killer bees
  5 howler monkeys
  2 hounds
  An iguana (D:7)
  8 hell rats
  2 orc wizards
  3 gnolls
  9 adders
  2 river rats
  An ufetubus (D:6)
  4 worms
  2 dart slugs
  18 orcs
  8 ball pythons
  A bat (D:1)
  10 endoplasms
  8 giant cockroaches
  7 goblins
  6 hobgoblins
  11 quokkas
  A frilled lizard (D:3)
  27 kobolds
  11 rats
  2 butterflies (D:5)
216 creatures vanquished.

Vanquished Creatures (others)
  A fungus (Lair:2)
  14 plants
  A withered plant (D:9)
16 creatures vanquished.

Grand Total: 232 creatures vanquished

Notes
Turn   | Place    | Note
-------+----------+-------------------------------------------
     0 | D:1      | Lutefisk the Vine Stalker Brigand began the quest for the
                  | Orb.
     0 | D:1      | Reached XP level 1. HP: 11/11 MP: 2/2
   113 | D:1      | Reached XP level 2. HP: 4/16 MP: 3/3
   466 | D:2      | Reached skill level 5 in Stealth
   597 | D:2      | Reached XP level 3. HP: 19/20 MP: 4/4
   704 | D:2      | Found a faded altar of an unknown god.
   885 | D:2      | Noticed Sigmund
  1113 | D:3      | Found a glowing drain.
  1120 | D:3      | Gained mutation: Your natural rate of healing is unusually
                  | fast. [Vine Stalker growth]
  1120 | D:3      | Reached XP level 4. HP: 22/25 MP: 5/5
  1132 | Sewer    | Entered a sewer
  1256 | Sewer    | Noticed a kobold brigand
  1276 | Sewer    | Killed a kobold brigand
  1277 | Sewer    | Reached skill level 1 in Dodging
  1277 | Sewer    | Reached skill level 1 in Evocations
  1277 | Sewer    | Reached XP level 5. HP: 22/29 MP: 6/6
  1446 | Sewer    | Noticed a kobold brigand
  1465 | Sewer    | Killed a kobold brigand
  1466 | Sewer    | Reached skill level 6 in Stealth
  1466 | Sewer    | Reached XP level 6. HP: 33/33 MP: 7/7
  1513 | Sewer    | Reached skill level 7 in Stealth
  1668 | Sewer    | Reached skill level 8 in Stealth
  1709 | Sewer    | Reached XP level 7. HP: 33/38 MP: 8/8
  1742 | Sewer    | Reached skill level 5 in Fighting
  2006 | D:3      | Reached skill level 1 in Armour
  2041 | D:3      | Found a sparkling altar of Nemelex Xobeh.
  2128 | D:3      | Became a worshipper of Nemelex Xobeh the Trickster
  2294 | D:4      | Reached skill level 1 in Invocations
  2674 | D:5      | Entered Level 5 of the Dungeon
  2733 | D:5      | Found a hazy altar of Hepliaklqana.
  2857 | D:5      | Found a runed translucent door.
  2858 | D:5      | Found a runed translucent door.
  2861 | D:5      | Gained mutation: You have razor-sharp teeth. [Vine Stalker
                  | growth]
  2861 | D:5      | Reached XP level 8. HP: 43/43 MP: 8/10
  2901 | D:5      | Reached skill level 9 in Stealth
  2971 | D:5      | Reached skill level 10 in Stealth
  3142 | D:6      | Reached XP level 9. HP: 49/49 MP: 11/11
  3171 | D:6      | Reached * piety under Nemelex Xobeh
  3265 | D:6      | Noticed Edmund
  3299 | D:6      | Killed Edmund
  3343 | D:6      | Received a gift from Nemelex Xobeh
  3395 | D:6      | Reached skill level 11 in Stealth
  3460 | D:6      | Found Ugramol's Weapon Boutique.
  3602 | D:7      | Found a staircase to the Ecumenical Temple.
  3663 | D:7      | Reached ** piety under Nemelex Xobeh
  3872 | D:7      | Noticed a hornet
  3876 | D:7      | Killed a hornet
  3878 | D:7      | Noticed an angel
  3910 | D:7      | Reached skill level 12 in Stealth
  3910 | D:7      | Reached XP level 10. HP: 56/56 MP: 14/14
  3952 | D:7      | Found Mimnel's One-of-a-Kind Rings.
  4195 | D:8      | Received a gift from Nemelex Xobeh
  4214 | D:8      | Found Texutaab's Antique Armour Shoppe.
  4628 | D:9      | Reached skill level 13 in Stealth
  4734 | D:9      | Found an ancient bone altar of Kikubaaqudgha.
  4738 | D:9      | Found a shimmering blue altar of Sif Muna.
  4738 | D:9      | Found a snail-covered altar of Cheibriados.
  4741 | D:9      | Found a burning altar of Makhleb.
  4763 | D:9      | Found a staircase to the Lair.
  4773 | Lair:1   | Entered Level 1 of the Lair of Beasts
  4793 | Lair:1   | Noticed a cane toad
  4846 | Lair:1   | Identified the ring "Lujyskoph" {MP+9 Str+6}
  4855 | Lair:1   | Reached *** piety under Nemelex Xobeh
  4882 | Lair:1   | Noticed a black mamba
  4938 | Lair:1   | Noticed an eight-headed hydra
  4984 | Lair:1   | Noticed a cane toad
  5000 | Lair:2   | Received a gift from Nemelex Xobeh
  5010 | Lair:2   | Found a hole to the Spider Nest.
  5010 | Lair:2   | Noticed a wolf spider
  5084 | Lair:2   | Noticed a cane toad
  5199 | Lair:2   | Found a staircase to the Swamp.
  5199 | Lair:2   | Noticed a bog body
  5200 | Lair:2   | Noticed a bog body
  5208 | Lair:2   | Killed a bog body
  5220 | Lair:2   | Killed a bog body
  5221 | Lair:2   | Reached skill level 5 in Invocations
  5221 | Lair:2   | Reached XP level 11. HP: 62/62 MP: 15/15
  5245 | Lair:1   | Reached skill level 5 in Dodging
  5347 | Lair:1   | Noticed a death yak
  5348 | Lair:1   | Noticed an emperor scorpion
  5348 | Lair:1   | a death yak changed into an emperor scorpion
  5350 | Lair:1   | Noticed an eight-headed hydra
  5364 | Lair:1   | HP: 2/62 [eight-headed hydra (5)]
  5364 | Lair:1   | Slain by an eight-headed hydra

Illustrated notes

Levels and vault maps discovered:
D:1:      minmay_arrival_shattered_statue, layout_loops_ring
D:2:      layout_loops_corners, basic_ecumenical_altar, uniq_sigmund
D:3:      layout_loops_corners, mainiacjoe_overflow_24_doors,
          gup_sewer_entry_pipe, minmay_goblin_kobold_house, uniq_grinder
D:4:      layout_cave_pods
D:5:      lemuel_insect_pit, layout_basic, nicolae_hepliaklqana_hazy_memory
D:6:      layout_basic, serial_shops, nicolae_shop_bloodbath_and_beyond,
          uniq_edmund
D:7:      layout_loops_corners, temple_garden, serial_shops,
          nicolae_shop_temple_entry_statues_fountains,
          nicolae_shop_unique_rings, chequers_serial_rivers_large_a, uniq_joseph
D:8:      layout_basic, serial_shops, nicolae_shop_advertising_works
          [nicolae_subvault_shop_adworks]
D:9:      minmay_spotlight, layout_loops_cross, grunt_temple_overflow_open,
          nicolae_overflow_crystal_walls, yredelemnul_altar_generic,
          serial_aquarium, aquarium_bridge_square [aquarium_subvault_bridge,
          aquarium_subvault_bridge, aquarium_subvault_bridge,
          aquarium_subvault_bridge], aquarium_window_fake, aquarium_window_2,
          aquarium_window_2, aquarium_window_corner, aquarium_view_2a,
          aquarium_view_2g, minmay_ruffians
Lair:1:   lemuel_ratsnest, layout_cave_shapes, minmay_shattered_shrine
Lair:2:   layout_regular_city, skrybe_swamp_entry_bodies,
          spider_nest_entry_rubble, serial_bayou_shore_b, grunt_megastairs_4

Skill      XL: |  1  2  3  4  5  6  7  8  9 10 11 |
---------------+----------------------------------+-----
Fighting       | 2 3 4 5 6 8 9 |  9.0
Stealth        | 5 6 8 10 12 13 | 13.0
Throwing       | 2 |  2.0
Dodging        | 1 2 3 4 5 |  5.9
Evocations     | 1 2 |  2.0
Armour         | 2 4 |  4.0
Invocations    | 2 4 5 |  5.0
Short Blades   | |  1.7

Action                   |  1- 3 |  4- 6 |  7- 9 | 10-12 || total
-------------------------+-------+-------+-------+-------++-------
Melee: Dagger            |    76 |   124 |   300 |   155 ||   655
       Bite              |    20 |    36 |   107 |    98 ||   261
       Punch             |     1 |     2 |     9 |     1 ||    13
       Scimitar          |       |       |    21 |    75 ||    96
Throw: Dart              |     7 |    18 |    50 |       ||    75
Invok: Draw Destruction  |       |       |       |     7 ||     7
       Draw Escape       |       |       |       |     2 ||     2
       Draw Summoning    |       |       |       |     2 ||     2
  Use: Scroll            |       |       |       |    12 ||    12
 Stab: Sleeping          |    10 |     3 |    15 |     3 ||    31
       Distracted        |       |       |     1 |       ||     1
Armor: Robe              |    11 |       |       |       ||    11
       Leather armour    |     1 |    13 |   111 |    62 ||   187
Dodge: Dodged            |    27 |    56 |   246 |   183 ||   512
